 Dungeon Crawl Stone Soup version 0.19.1 (webtiles) character file.

464 dondy the Cleaver (level 7, -1/58 HPs)
             Began as a Hill Orc Fighter on Dec 21, 2016.
             Slain by Grinder (5 damage)
             ... while paralysed by Grinder
             ... on level 4 of the Dungeon.
             The game lasted 00:07:11 (3050 turns).

dondy the Cleaver (Hill Orc Fighter)                Turns: 3050, Time: 00:07:12

Health: -1/58      AC:  8    Str: 21    XL:     7   Next: 7%
Magic:  7/7        EV:  2    Int:  8    God:
Gold:   222        SH:  0    Dex: 10    Spells: 0 memorised, 6 levels left

rFire  + . .     SeeInvis .     a - +0 war axe
rCold  . . .     Gourm    .     b - +0 scale mail
rNeg   . . .     Faith    .     c - +0 shield
rPois  .         Spirit   .     y - +0 helmet
rElec  .         Reflect  +     (no cloak)
rCorr  +         Harm     .     (no gloves)
MR     .....                    (no boots)
Stlth  ..........               n - +3 amulet of reflection
                                u - ring of protection from fire
                                l - ring of resist corrosion

@: paralysed
A: no striking features
a: no special abilities


You were on level 4 of the Dungeon.
You were not hungry.

You visited 1 branch of the dungeon, and saw 4 of its levels.

You collected 222 gold pieces.

Inventory:

Hand Weapons
 a - a +0 war axe (weapon)
 o - a +0 blowgun
Missiles
 p - 20 poisoned needles
 w - 7 tomahawks of dispersal (quivered)
 x - a throwing net
Armour
 b - a +0 scale mail (worn)
 c - a +0 shield (worn)
 y - a +0 helmet (worn)
Jewellery
 l - a ring of resist corrosion (left hand)
 n - a +3 amulet of reflection (around neck)
 u - a ring of protection from fire (right hand)
Scrolls
 e - 4 scrolls of enchant weapon {unknown}
 g - a scroll of fog {unknown}
 h - 2 scrolls of identify {unknown}
 i - a scroll of teleportation {unknown}
 k - 3 scrolls of amnesia {unknown}
 B - a scroll of enchant armour {unknown}
Potions
 d - a potion of might
 j - 2 potions of lignification {unknown}
 q - a potion of magic {unknown}
 s - a potion of berserk rage {unknown}
 t - a potion of degeneration {unknown}
 v - a potion of mutation {unknown}
Comestibles
 f - 3 bread rations
 m - 2 meat rations
 r - 2 beef jerkies
 A - a slice of pizza
 C - 2 fruits


   Skills:
 - Level 3.7 Fighting
 + Level 9.7 Axes
 - Level 3.2 Armour
 - Level 3.2 Shields


You had 6 spell levels left.
You didn't know any spells.

Dungeon Overview and Level Annotations

Branches:
Dungeon (4/15)
 Temple: D:4-7

Altars:
Ru

Annotations:
D:4 Grinder


Message History

You hit Grinder.
Grinder is heavily wounded.
Grinder hits you.
* * * LOW HITPOINT WARNING * * *
You writhe in agony.
* * * LOW HITPOINT WARNING * * *
You closely miss Grinder.
Grinder is heavily wounded.
Grinder barely misses you. Grinder gestures at you.
Pain shoots through your body!
* * * LOW HITPOINT WARNING * * *
Your shield and scale mail prevent you from hitting Grinder.
Grinder is heavily wounded.
Grinder gestures at you.
You suddenly lose the ability to move!
Grinder hits you.
* * * LOW HITPOINT WARNING * * *
You writhe in agony.
You die...

#.# ##.....# ###..######....## #
#.###......###.............## ##
..#.........?.5.............####.
<...............<...###......#..)
...)(...##..........###..........
.#.).....###....#....##..........
###)...........##....##..........
#............##>...#...........
#..##.###.....5@.†....#.......#.
#..## .# ####........###..##...##
..# ## ####...### ##.####..# .#
#..## #.# #... # #...# ### ##.. #
..#..# ##. . .#####. #. # ## ##


You could see Grinder.

Vanquished Creatures
  An ogre (D:4)
  Ijyb (D:3)
  An iguana (D:4)
  3 worker ants
  Natasha (thrice) (D:3)
  7 adders
  3 gnolls (D:4)
  An adder skeleton (D:4)
  A worm (D:3)
  4 leopard geckos
  7 orcs
  8 bats
  3 giant cockroaches
  6 goblins
  6 hobgoblins
  7 kobolds
  2 quokkas (D:2)
  2 ball pythons
  4 frilled lizards
  7 rats
77 creatures vanquished.

Notes
Turn   | Place    | Note
-------+----------+-------------------------------------------
     0 | D:1      | dondy the Hill Orc Fighter began the quest for the Orb.
     0 | D:1      | Reached XP level 1. HP: 19/19 MP: 1/1
   128 | D:1      | Reached skill level 3 in Axes
   141 | D:1      | Reached XP level 2. HP: 21/27 MP: 2/2
   326 | D:1      | Reached skill level 4 in Axes
   501 | D:1      | You fall through a shaft!
   581 | D:2      | Reached XP level 3. HP: 33/33 MP: 3/3
   604 | D:2      | Found a faded altar of an unknown god.
   643 | D:2      | Reached skill level 5 in Axes
   752 | D:2      | Found a sacrificial altar of Ru.
   758 | D:2      | Reached XP level 4. HP: 37/40 MP: 4/4
  1098 | D:3      | Noticed Natasha
  1112 | D:3      | Killed Natasha
  1112 | D:3      | Reached skill level 6 in Axes
  1402 | D:3      | Reached XP level 5. HP: 34/46 MP: 5/5
  1437 | D:3      | Noticed Ijyb
  1453 | D:3      | Killed Ijyb
  1453 | D:3      | Reached skill level 7 in Axes
  1567 | D:3      | Noticed Natasha
  1579 | D:3      | Killed Natasha
  1666 | D:3      | Noticed Natasha
  1681 | D:3      | Killed Natasha
  1681 | D:3      | Reached skill level 8 in Axes
  1681 | D:3      | Reached XP level 6. HP: 22/52 MP: 6/6
  2643 | D:4      | Reached skill level 9 in Axes
  2808 | D:4      | Reached XP level 7. HP: 26/58 MP: 7/7
  3025 | D:4      | Noticed Grinder
  3049 | D:4      | Paralysed by Grinder for 3 turns
  3050 | D:4      | Slain by Grinder

Skill      XL: |  1  2  3  4  5  6 |
---------------+-------------------+-----
Axes           | 3 4 5 6 8 9 |  9.7
Fighting       | |  3.7
Armour         | |  3.2
Shields        | |  3.2

Action                   |  1- 3 |  4- 6 |  7- 9 || total
-------------------------+-------+-------+-------++-------
Melee: War axe           |    97 |   166 |    16 ||   279
  Eat: Chunk             |       |     6 |     1 ||     7
Armor: Scale mail        |    55 |    47 |     4 ||   106
Dodge: Dodged            |    34 |    28 |     2 ||    64
Block: Shield            |    67 |    89 |     2 ||   158
       Reflection        |       |     1 |       ||     1
